 Dungeon Crawl Stone Soup version 0.30.2 (webtiles) character file.

Game seed: 14331999486744519843

70 porpoise the Shooter (level 4, 0/34 HPs)
             Began as a Human Hunter on Jan 31, 2024.
             Slain by Natasha (4 damage)
             ... on level 2 of the Dungeon.
             The game lasted 00:03:13 (1268 turns).

porpoise the Shooter (Human Hunter)                 Turns: 1268, Time: 00:03:13

Health: 0/34       AC:  3    Str: 11    XL:     4   Next: 45%
Magic:  4/4        EV: 12    Int: 10    God:
Gold:   70         SH:  0    Dex: 18    Spells: 3/3 levels left

rFire   . . .        a - +0 shortbow
rCold   . . .        (shield currently unavailable)
rNeg    . . .        c - +0 leather armour
rPois   .            (no helmet)
rElec   .            (no cloak)
rCorr   .            (no gloves)
SInv    .            (no boots)
Will    .....        (no amulet)
Stlth   ++           (no ring)
HPRegen 0.25/turn    (no ring)
MPRegen 0.09/turn

%: no passive effects
@: no status effects
A: no striking features
a: no special abilities


You were on level 2 of the Dungeon.
You visited 1 branch of the dungeon, and saw 2 of its levels.

You collected 100 gold pieces.
You spent 30 gold pieces at shops.

Inventory:

Hand Weapons
 a - a +0 shortbow (weapon)
Missiles
 j - 5 javelins
Armour
 c - a +0 leather armour (worn)
Scrolls
 b - a scroll of immolation
 h - 2 scrolls of identify {unknown}
 l - a scroll of fog {unknown}
 m - a scroll of teleportation {unknown}
Potions
 d - a potion of brilliance {unknown}
 e - 2 potions of lignification {unknown}
 f - 2 potions of attraction {unknown}
 g - a potion of curing
 i - a potion of ambrosia {unknown}
 k - a potion of heal wounds {unknown}


   Skills:
 + Level 2.9 Fighting
 * Level 5.1 Ranged Weapons
 - Level 2.0 Dodging
 - Level 1.0 Stealth


You had 3 spell levels left.
You didn't know any spells.
Your spell library was empty.

Dungeon Overview and Level Annotations

Branches:
Dungeon (2/15)

Altars:
Ashenzari

Shops:
D:1 ![!

Annotations:
D:2 Natasha


Message History

The cerulean imp hits you from afar with a +0 spear.
Fire: a) +0 shortbow
Press: ? - help, Q - select action, (/) - cycle Shift-Dir - straight line, f/p - Natasha
Aim: Natasha (moderately wounded, 58% to hit)
You shoot an arrow. The arrow barely misses Natasha.
The arrow hits the cerulean imp.
The cerulean imp is lightly wounded.
The cerulean imp barely misses you.
The cerulean imp hits you from afar with a +0 spear.
Natasha claws you but does no damage.
Fire: a) +0 shortbow
Press: ? - help, Q - select action, (/) - cycle Shift-Dir - straight line, f/p - Natasha
Aim: Natasha (moderately wounded, 58% to hit)
You shoot an arrow. The arrow hits Natasha.
Natasha is severely wounded.
The cerulean imp hits you but does no damage.
The cerulean imp hits you from afar with a +0 spear.
Natasha claws you. Natasha misses you. The cerulean imp barely misses you.
The cerulean imp hits you from afar with a +1 spear.
Fire: a) +0 shortbow
Press: ? - help, Q - select action, (/) - cycle Shift-Dir - straight line, f/p - Natasha
Aim: Natasha (severely wounded, 58% to hit)
You shoot an arrow. The arrow closely misses Natasha.
The arrow barely misses the cerulean imp.
The cerulean imp hits you from afar with a +1 spear.
Natasha casts a spell at you. The magic dart hits you.
* * * LOW HITPOINT WARNING * * *
The cerulean imp misses you.
Fire: a) +0 shortbow
Press: ? - help, Q - select action, (/) - cycle Shift-Dir - straight line, f/p - Natasha
Aim: Natasha (severely wounded, 58% to hit)
You shoot an arrow. The arrow barely misses Natasha.
The arrow hits the cerulean imp but does no damage.
The cerulean imp is lightly wounded.
The cerulean imp hits you but does no damage.
The cerulean imp hits you from afar with a +0 spear.
* * * LOW HITPOINT WARNING * * *
Natasha claws you.
You die...

#.....#.....#......#..(.####...#.
'.....'.....'<.......#...........
#.....#.....#........[######.....
##...###...###..#.#.......##.._..
.##.##.##.##.##.................(
..###...###...####.......###.....
..†'.....'..⌠..'.55...#..####.##.
..###...#+#...###h........###.##.
.##.##.##.##.##.@.............###
##...###...###..####..##........#
#.....#.....##.## ##.#.........†
'.....)..8..'..# #.#.......#..
#.....#.....#.## #.#........#.
##...###...######## #..#.####..<.
.##.##.##.##).....####...# #..>.
..###...###....##....##).# #....
...'.....'..##.#####.....# #....


You could see Natasha and 2 cerulean imps.

Vanquished Creatures
  Natasha (D:2)
  An adder (D:2)
  A worm (D:2)
  A dart slug (D:1)
  4 ball pythons
  7 bats
  An endoplasm (D:2)
  2 giant cockroaches
  3 goblins
  A hobgoblin (D:2)
  3 quokkas (D:1)
  4 frilled lizards (D:2)
  4 kobolds
  3 rats
36 creatures vanquished.

Notes
Turn   | Place    | Note
-------+----------+-------------------------------------------
     0 | D:1      | porpoise the Human Hunter began the quest for the Orb.
     0 | D:1      | Reached XP level 1. HP: 16/16 MP: 1/1
   133 | D:1      | Reached XP level 2. HP: 22/22 MP: 2/2
   144 | D:1      | Found Rilotax's Armour Shoppe.
   214 | D:1      | Found Jiprog's Distillery.
   254 | D:1      | Bought a potion of curing for 30 gold pieces
   507 | D:1      | Found a transporter.
   543 | D:1      | Found Seymoec's Distillery.
   545 | D:1      | Found a transporter.
   712 | D:1      | Reached XP level 3. HP: 28/28 MP: 3/3
  1054 | D:2      | Found a broken altar of Ashenzari.
  1061 | D:2      | Found a faded altar of an unknown god.
  1140 | D:2      | Noticed Natasha
  1143 | D:2      | Killed Natasha
  1144 | D:2      | Reached skill level 5 in Ranged Weapons
  1144 | D:2      | Reached XP level 4. HP: 32/34 MP: 4/4
  1260 | D:2      | Noticed Natasha
  1268 | D:2      | Slain by Natasha

Illustrated notes

Levels and vault maps discovered:
D:1:      dpeg_arrival_yet_another_circle, layout_loops_ring, serial_shops,
          shop, shop, nicolae_shop_drivethru, minmay_misc_feat_plants,
          chequers_decorated_corner
D:2:      layout_rooms, basic_altar, ebering_ecumenical_altar_mist,
          nicolae_hexahallways, dk_noncrumbling_4, uniq_natasha

Skill      XL: |  1  2  3 |
---------------+----------+-----
Ranged Weapons | 5 |  5.1
Fighting       | |  2.9
Dodging        | |  2.0
Stealth        | |  1.0

Action                     |  1- 3 |  4- 6 || total
---------------------------+-------+-------++-------
   Fire: Shortbow          |    97 |    15 ||   112
 Armour: Leather armour    |    12 |     4 ||    16
  Dodge: Dodged            |    18 |     8 ||    26
